 Dungeon Crawl Stone Soup version 0.20-a0-464-g526fb3c (webtiles) character file.

39750 tsouns the Covert (level 14, 0/91 HPs)
             Began as a Kobold Monk on Jan 11, 2017.
             Was a High Priest of Kikubaaqudgha.
             Slain by a merfolk
             ... wielding a +0 trident
              (20 damage)
             ... on level 4 of the Lair of Beasts.
             The game lasted 00:58:37 (16983 turns).

tsouns the Covert (Kobold Monk)                    Turns: 16983, Time: 00:58:38

Health: 0/91       AC: 14    Str: 10    XL:     14   Next: 41%
Magic:  17/23      EV: 24    Int: 13    God:    Kikubaaqudgha [*****.]
Gold:   615        SH:  0    Dex: 19    Spells: 1/26 levels left

rFire  + . .     SeeInvis .     i - +2 short sword (drain)
rCold  . . .     Gourm    .     P - +3 leather armour
rNeg   . . .     Faith    .     (shield restricted)
rPois  .         Spirit   .     j - +1 helmet
rElec  .         Reflect  .     M - +1 cloak
rCorr  .         Harm     +     (no gloves)
MR     +....                    m - +2 pair of boots {run}
Stlth  +++++.....               Q - amulet of harm
                                (no ring)
                                r - ring of protection from fire

@: quick
A: carnivore 3
a: Receive Corpses, Torment, Renounce Religion


You were on level 4 of the Lair of Beasts.
You worshipped Kikubaaqudgha.
Kikubaaqudgha was extremely pleased with you.
You were full.

You visited 3 branches of the dungeon, and saw 16 of its levels.
You also visited: Ossuary.

You collected 810 gold pieces.
You spent 195 gold pieces at shops.

Inventory:

Hand Weapons
 i - a +2 short sword of draining (weapon)
 p - a +4 dagger of speed
 u - a +0 falchion of holy wrath
 T - a +4 dagger of distortion
 W - the +4 dagger of Kismet {freeze, rElec MR+ Str-3 Dex+3}
   (You found it on level 10 of the Dungeon)

   It has been specially enchanted to freeze those struck by it, causing extra
   injury to most foes and up to half again as much damage against particularly
   susceptible opponents.
   It can also slow down cold-blooded creatures.
   It affects your strength (-3).
   It affects your dexterity (+3).
   It insulates you from electricity.
   It affects your resistance to hostile enchantments.
Missiles
 d - 25 tomahawks (quivered)
 V - 2 throwing nets
Armour
 j - a +1 helmet (worn)
 m - a +2 pair of boots of running (worn)
 M - a +1 cloak (worn)
 P - a +3 leather armour (worn)
Jewellery
 r - a ring of protection from fire (left hand)
 Q - an amulet of harm (around neck)
Wands
 b - a wand of lightning (8/15)
 k - a wand of acid (2/15)
 K - a wand of flame (22/48)
 N - a wand of acid (9/15)
 R - a wand of enslavement (17/24)
 X - a wand of paralysis (17/24)
Scrolls
 a - 2 scrolls of enchant armour
 e - 6 scrolls of remove curse
 v - 3 scrolls of summoning
 w - 2 scrolls of fear
 y - 8 scrolls of teleportation
 E - a scroll of enchant weapon
 H - 2 scrolls of identify
 J - 2 scrolls of recharging
 S - a scroll of brand weapon
 U - 3 scrolls of immolation
Potions
 f - 2 potions of agility
 n - 3 potions of lignification
 o - 5 potions of heal wounds
 q - 6 potions of brilliance
 s - a potion of might
 t - 4 potions of flight
 z - 9 potions of curing
 A - a potion of ambrosia
 B - a potion of cure mutation
 C - 4 potions of haste
 D - 3 potions of magic
 I - 2 potions of invisibility
 Y - a potion of resistance
Books
 G - Kikubaaqudgha's Papyrus of Necromancy
   (Kikubaaqudgha gifted it to you in the Ecumenical Temple)

   Spells                             Type                      Level
   a - Animate Skeleton               Necromancy                   1
   b - Corpse Rot                     Necromancy                   2
   c - Sublimation of Blood           Necromancy                   2
   d - Vampiric Draining              Necromancy                   3
   e - Control Undead                 Necromancy                   4
 O - Kikubaaqudgha's Disquisition on Unholy Secrets
   (Kikubaaqudgha gifted it to you on level 7 of the Dungeon)

   Spells                             Type                      Level
   a - Animate Dead                   Necromancy                   4
   b - Excruciating Wounds            Charms/Necromancy            5
   c - Bolt of Draining               Conjuration/Necromancy       5
   d - Agony                          Necromancy                   5
   e - Dispel Undead                  Necromancy                   5
Miscellaneous
 F - a phial of floods
Comestibles
 c - 11 meat rations
 l - 12 beef jerkies
 x - 3 slices of pizza


   Skills:
 + Level 11.6 Fighting
 - Level 12.5 Short Blades
 - Level 3.7 Armour
 + Level 11.4 Dodging
 + Level 13.4 Stealth
 - Level 6.5 Spellcasting
 + Level 10.3 Necromancy
 - Level 5.6 Evocations


You had one spell level left.
You knew the following spells:

 Your Spells              Type           Power        Failure   Level  Hunger
a - Animate Skeleton      Necr           N/A          1%          1    None
b - Apportation           Tloc           #.........   21%         1    None
c - Corpse Rot            Necr           N/A          1%          2    #......
d - Vampiric Draining     Necr           ####......   1%          3    ###....
e - Animate Dead          Necr           N/A          3%          4    ####...
f - Agony                 Necr           ####....     12%         5    ######.
g - Dispel Undead         Necr           ####....     12%         5    ######.
h - Control Undead        Necr           ####......   3%          4    ####...


Dungeon Overview and Level Annotations

Branches:
Dungeon (11/15)            Temple (1/1) D:5            Lair (4/6) D:11
 Shoals (0/4) Lair:4
  Snake: Lair:2-4    Spider: Lair:2-4       Orc: D:9-12

Altars:
Ashenzari
Cheibriados
Dithmenos
Elyvilon
Fedhas
Gozag
Hepliaklqana
Kikubaaqudgha
Makhleb
Nemelex Xobeh
Okawaru
Qazlal
Ru
Sif Muna
Trog
Uskayaw
Vehumet
Xom
Yredelemnul
Zin
The Shining One

Shops:
D:9 *


Innate Abilities, Weirdness & Mutations

You are small and have problems with some larger weapons.
You are carnivorous and can eat meat at any time.


Message History

Casting: Agony
Confirm with . or Enter, or press ? or * to list all spells.
Aiming: Vampiric Draining
Press: ? - help, Shift-Dir - straight line, f - merfolk
Aim: a merfolk, wielding a trident (almost dead, heavily drained)
You kill the merfolk!
Kikubaaqudgha accepts your kill.
You hear a splash.
The merfolk closely misses you.
The merfolk hits you from afar with a trident!
* * * LOW HITPOINT WARNING * * *
Casting: Vampiric Draining
Confirm with . or Enter, or press ? or * to list all spells.
Aiming: Vampiric Draining
Press: ? - help, Shift-Dir - straight line, f - merfolk
Aim: a merfolk, wielding a trident The merfolk is moderately wounded.
You feel life coursing into your body. The merfolk hits you with a trident!
You die...
Kikubaaqudgha rasps: "You have failed me!
Welcome... death!"

#### #. #..# . ##.#
###..### #..
#....##.#..≈.### ##.≈..
........#.#.≈≈≈###≈≈≈.#
..........#...≈≈))m...#
..........###..#@#..#
............###(.m#
..............#####
....>....)....#
............###
......).....#
.........P..#
........#...#
...#####....#


You could see 2 merfolk.

Vanquished Creatures
  Rupert (Lair:4)
  Gastronok (D:10)
  The ghost of PeterLawrence the Blocker, a journeyman GrFi of Okawaru (Lair:2)
  3 hydras
  2 two-headed ogres
  The ghost of Feta the Cleaver, a novice FoFi of Makhleb (D:7)
  An unseen horror (D:10)
  3 ugly things (D:11)
  A manticore (D:10)
  A cyclops (D:11)
  Joseph (D:8)
  A black mamba (Lair:2)
  3 molten gargoyles (D:11)
  2 rime drakes
  6 spiny frogs
  2 komodo dragons
  A polar bear (Lair:3)
  2 merfolk (Lair:4)
  Prince Ribbit (D:5)
  4 blink frogs
  6 hippogriffs
  Sigmund (D:2)
  19 yaks
  A wyvern (D:10)
  A hungry ghost (D:9)
  A basilisk (Lair:3)
  A fire bat (D:8)
  4 vampire mosquitoes (D:11)
  A soldier ant (D:9)
  4 water moccasins
  4 porcupines
  7 orc warriors
  2 black bears (Lair:3)
  4 ice beasts
  A hornet zombie (D:10)
  3 sky beasts
  5 ogres
  6 centaurs
  2 necrophages
  2 phantoms
  5 crocodiles
  A big kobold (D:10)
  14 bullfrogs
  5 scorpions
  A water moccasin skeleton (D:10)
  4 howler monkeys
  6 crimson imps
  3 bullfrog zombies
  2 quasits
  4 hounds
  4 jellies
  9 orc priests
  A gnoll shaman (D:5)
  15 orc wizards
  3 centaur skeletons
  2 bullfrog skeletons
  3 iguanas
  Ijyb (D:3)
  7 worker ants
  A killer bee zombie (D:6)
  8 mummies (Ossuary)
  2 hound zombies (D:10)
  2 hound skeletons
  A killer bee simulacrum (D:10)
  A worker ant zombie (D:10)
  10 adders
  13 gnolls
  2 shadow imps
  3 adder skeletons
  5 worms
  A dart slug (D:1)
  5 leopard geckos
  27 orcs
  9 giant cockroaches
  4 goblins
  3 hobgoblins
  13 jackals
  13 kobolds
  3 quokkas
  A bat (D:2)
  3 frilled lizards
  2 gnoll zombies (Ossuary)
  A goblin zombie (D:5)
  2 hobgoblin zombies (Ossuary)
  2 kobold zombies (Ossuary)
  2 orc zombies (Ossuary)
  A quokka zombie (D:5)
  8 rats
351 creatures vanquished.

Vanquished Creatures (collateral kills)
  A spiny frog (Lair:1)
  A gargoyle (D:11)
  A yak (Lair:3)
  A big kobold (Lair:4)
  A lava snake (Lair:1)
5 creatures vanquished.

Vanquished Creatures (others)
  A molten gargoyle (D:11)
  2 fungi
  A plant (Lair:2)
4 creatures vanquished.

Grand Total: 360 creatures vanquished

Notes
Turn   | Place    | Note
-------+----------+-------------------------------------------
     0 | D:1      | tsouns the Kobold Monk began the quest for the Orb.
     0 | D:1      | Reached XP level 1. HP: 14/14 MP: 1/1
    98 | D:1      | Reached skill level 3 in Stealth
    98 | D:1      | Reached XP level 2. HP: 19/19 MP: 2/2
   365 | D:1      | Reached XP level 3. HP: 23/23 MP: 3/3
  1019 | D:2      | Noticed Sigmund
  1046 | D:2      | Killed Sigmund
  1046 | D:2      | Reached skill level 5 in Short Blades
  1046 | D:2      | Reached skill level 4 in Stealth
  1046 | D:2      | Reached XP level 4. HP: 30/30 MP: 4/4
  1046 | D:2      | Reached XP level 5. HP: 34/34 MP: 5/5
  1076 | D:2      | Found a sparkling altar of Nemelex Xobeh.
  1107 | D:2      | Found a faded altar of an unknown god.
  1128 | D:2      | Reached XP level 6. HP: 37/39 MP: 6/6
  1366 | D:2      | Found a shimmering altar of Xom.
  1367 | D:2      | Found a hazy altar of Hepliaklqana.
  1367 | D:2      | Noticed a boggart
  1368 | D:2      | Noticed a boggart
  1368 | D:2      | Noticed a spectral ugly thing
  1418 | D:2      | Found a bloodstained altar of Trog.
  1700 | D:2      | Found a shimmering altar of Xom.
  1746 | D:3      | Reached skill level 5 in Dodging
  1779 | D:2      | Reached skill level 5 in Stealth
  2150 | D:3      | Noticed Terence
  2151 | D:3      | Noticed Terence
  2151 | D:3      | Terence changed into Terence the frilled lizard
  2152 | D:3      | Killed Terence the frilled lizard
  2308 | D:3      | You fall through a shaft!
  2345 | D:4      | Found an iron altar of Okawaru.
  2429 | D:4      | Reached XP level 7. HP: 29/44 MP: 7/7
  2888 | D:3      | Identified a +2 pair of boots of running (You found it on level 3 of the Dungeon)
  2919 | D:3      | Noticed Ijyb
  2931 | D:3      | Killed Ijyb
  2931 | D:3      | Reached skill level 5 in Fighting
  3278 | D:5      | Entered Level 5 of the Dungeon
  3290 | D:4      | Reached skill level 6 in Stealth
  3332 | D:5      | Noticed Edmund
  3346 | D:4      | Noticed Edmund
  3346 | D:4      | Edmund changed into Edmund the sky beast
  3365 | D:4      | Killed Edmund the sky beast
  3589 | D:5      | Noticed Prince Ribbit
  3701 | D:5      | Reached XP level 8. HP: 50/50 MP: 8/8
  3814 | D:5      | Found a sand-covered staircase.
  3945 | Ossuary  | Entered an ossuary
  4014 | Ossuary  | Reached skill level 7 in Stealth
  4708 | D:5      | Killed Prince Ribbit
  4711 | D:5      | Learned a level 1 spell: Animate Skeleton
  4713 | D:5      | Learned a level 1 spell: Apportation
  4797 | D:5      | Found a staircase to the Ecumenical Temple.
  4805 | Temple   | Entered the Ecumenical Temple
  4839 | Temple   | Became a worshipper of Kikubaaqudgha
  4839 | Temple   | Reached * piety under Kikubaaqudgha
  4839 | Temple   | Identified Kikubaaqudgha's Papyrus of Necromancy (Kikubaaqudgha gifted it to you in the Ecumenical Temple)
  4839 | Temple   | Received a gift from Kikubaaqudgha
  4839 | Temple   | Reached ** piety under Kikubaaqudgha
  5181 | D:5      | Learned a level 2 spell: Corpse Rot
  5185 | D:5      | Learned a level 3 spell: Vampiric Draining
  5235 | D:6      | Reached skill level 1 in Necromancy
  5286 | D:6      | Reached XP level 9. HP: 46/56 MP: 9/9
  5409 | D:6      | HP: 1/56 [ogre/giant spiked club (29)]
  6270 | D:6      | Got a steaming silver ring
  6271 | D:6      | Identified the ring "Wibaukhli" {rCorr -Tele Int+2 Stlth+} (You found it on level 6 of the Dungeon)
  6417 | D:7      | Found a shattered altar of Ashenzari.
  6442 | D:7      | Found a deep blue altar of Sif Muna.
  6551 | D:7      | Noticed Feta's ghost (novice FoFi)
  6579 | D:7      | Killed Feta's ghost
  6579 | D:7      | Reached skill level 10 in Short Blades
  6632 | D:7      | Reached XP level 10. HP: 46/64 MP: 10/10
  6887 | D:7      | Reached skill level 8 in Stealth
  7053 | D:7      | Reached *** piety under Kikubaaqudgha
  7053 | D:7      | Identified Kikubaaqudgha's Disquisition on Unholy Secrets (Kikubaaqudgha gifted it to you on level 7 of the Dungeon)
  7053 | D:7      | Received a gift from Kikubaaqudgha
  7191 | D:8      | Reached skill level 5 in Necromancy
  7437 | D:8      | Found a basalt altar of Yredelemnul.
  7437 | D:8      | Noticed Joseph
  7440 | D:8      | Noticed a profane servitor
  7445 | D:8      | Found a glowing golden altar of the Shining One.
  7469 | D:8      | Killed Joseph
  7496 | D:8      | Noticed an angel
  7565 | D:8      | Reached skill level 9 in Stealth
  7583 | D:8      | Found a shadowy altar of Dithmenos.
  7749 | D:8      | Noticed Psyche
  7756 | D:8      | Noticed Psyche
  7756 | D:8      | Psyche changed into Psyche the fire bat
  7763 | D:8      | Killed Psyche the fire bat
  8699 | D:9      | Reached **** piety under Kikubaaqudgha
  8797 | D:9      | Reached XP level 11. HP: 26/71 MP: 7/11
  9171 | D:9      | Found Wiab's Assorted Antiques.
  9180 | D:9      | Bought a scroll of fear for 91 gold pieces
  9180 | D:9      | Bought a scroll of teleportation for 78 gold pieces
  9180 | D:9      | Bought a scroll labeled ZEK SYM COCAE for 26 gold pieces
  9882 | D:9      | Found a snail-covered altar of Cheibriados.
  9898 | D:9      | Noticed a two-headed ogre
  9920 | D:9      | Killed a two-headed ogre
  9920 | D:9      | Reached skill level 10 in Stealth
  9920 | D:9      | Reached skill level 1 in Spellcasting
 10021 | D:9      | Learned a level 4 spell: Animate Dead
 10090 | D:10     | Entered Level 10 of the Dungeon
 10101 | D:10     | Noticed Gastronok
 10432 | D:10     | Got an ebony dagger
 10433 | D:10     | Identified the +4 dagger of Kismet {freeze, rElec MR+ Str-3 Dex+3} (You found it on level 10 of the Dungeon)
 10715 | D:10     | Killed an unseen horror
 10879 | D:10     | Noticed a two-headed ogre
 10900 | D:10     | Killed a two-headed ogre
 10946 | D:10     | Killed Gastronok
 11089 | D:10     | Noticed a manticore
 11105 | D:10     | Killed a manticore
 11105 | D:10     | Reached skill level 11 in Stealth
 11105 | D:10     | Reached XP level 12. HP: 77/77 MP: 17/17
 11143 | D:10     | Reached skill level 10 in Fighting
 11267 | D:10     | Learned a level 5 spell: Agony
 11506 | D:11     | Reached ***** piety under Kikubaaqudgha
 11535 | D:11     | Noticed an eight-headed hydra
 11542 | D:11     | Killed an eight-headed hydra
 11554 | D:11     | Reached skill level 5 in Evocations
 11554 | D:11     | Reached XP level 13. HP: 50/82 MP: 19/19
 12405 | D:11     | Reached skill level 10 in Dodging
 12676 | D:11     | Found a staircase to the Lair.
 12694 | D:11     | Reached skill level 5 in Spellcasting
 13018 | D:11     | Reached skill level 12 in Stealth
 13176 | Lair:1   | Entered Level 1 of the Lair of Beasts
 13733 | Lair:1   | Learned a level 5 spell: Dispel Undead
 14260 | Lair:2   | Noticed PeterLawrence's ghost (journeyman GrFi)
 14269 | Lair:2   | Killed PeterLawrence's ghost
 14751 | Lair:2   | Noticed an eight-headed hydra
 14756 | Lair:2   | Killed an eight-headed hydra
 14756 | Lair:2   | Reached XP level 14. HP: 90/90 MP: 7/23
 15533 | Lair:3   | Reached skill level 10 in Necromancy
 15597 | Lair:3   | Reached skill level 13 in Stealth
 16039 | Lair:3   | Learned a level 4 spell: Control Undead
 16582 | Lair:4   | Noticed Rupert
 16584 | Lair:4   | Noticed Sonja
 16601 | Lair:4   | Killed Rupert
 16603 | Lair:4   | Noticed Sonja
 16603 | Lair:4   | Sonja changed into Sonja the big kobold
 16604 | Lair:4   | Killed Sonja the big kobold
 16953 | Lair:4   | Found a staircase to the Shoals.
 16983 | Lair:4   | Slain by a merfolk

Vault maps used:
D:1:      dpeg_arrival_central
D:2:      lemuel_upstairs_altar, regret_index_temple_of_mockery,
          lemuel_round_altar, bloody_trog, chequers_ecumenical_altar_simple,
          first_bread, minmay_tetromino_o2, uniq_sigmund
D:3:      uniq_iyjb, uniq_terence
D:4:      okawaru_ov_weapons_minmay
D:5:      enter_ossuary_4, kennysheep_generic_room_8, uniq_prince_ribbit1,
          uniq_edmund
D:7:      ashenzari_altar_1, basic_altar
D:8:      grunt_temple_overflow_holy_war, nicolae_dithmenos_shadow_blocks,
          grunt_ogre_cave, uniq_joseph, uniq_psyche
D:9:      kennysheep_mini, serial_shops, shop
D:10:     hangedman_weighted_door, grunt_ministairs_6,
          kennysheep_generic_room_7, uniq_gastronok
D:11:     lair_entry_dummy, minivault_8
Temple:   minmay_temple_bridge_abc
Lair:1:   minmay_holes, minivault_24, lemuel_fruit_tree
Lair:3:   gammafunk_lair_bear_cave
Lair:4:   elwin_shoals_entry_stream, guppyfry_snake_entry_garden,
          beast_lair_carwin_10, uniq_rupert, uniq_sonja
Ossuary:  ossuary_tomb_3

Skill      XL: |  1  2  3  4  5  6  7  8  9 10 11 12 13 14 |
---------------+-------------------------------------------+-----
Stealth        | 3 4 5 6 7 9 11 12 13 | 13.4
Dodging        | 4 5 6 8 9 10 11 | 11.4
Fighting       | 4 5 6 7 9 10 11 | 11.6
Short Blades   | 5 6 8 10 11 12 | 12.5
Necromancy     | 1 4 6 7 9 10 | 10.3
Spellcasting   | 3 4 6 |  6.5
Armour         | 3 |  3.7
Evocations     | 5 |  5.6

Action                   |  1- 3 |  4- 6 |  7- 9 | 10-12 | 13-15 || total
-------------------------+-------+-------+-------+-------+-------++-------
Melee: Short sword       |    86 |    25 |       |     1 |   489 ||   601
       Dagger            |       |   124 |   505 |   846 |   169 ||  1644
       Falchion          |       |       |    60 |       |       ||    60
Throw: Stone             |       |     1 |     5 |     4 |       ||    10
       Tomahawk          |       |       |       |       |     1 ||     1
 Cast: Corpse Rot        |       |       |       |     4 |     4 ||     8
       Vampiric Draining |       |       |       |     3 |    10 ||    13
       Animate Dead      |       |       |       |     1 |     8 ||     9
       Dispel Undead     |       |       |       |       |     4 ||     4
       Agony             |       |       |       |       |     9 ||     9
Evoke: Wand              |       |     5 |     6 |     8 |     5 ||    24
  Use: Potion            |     2 |     1 |     3 |     4 |     3 ||    13
       Scroll            |       |    11 |    10 |     7 |     5 ||    33
 Stab: Sleeping          |     2 |     7 |     6 |    27 |    11 ||    53
       Invisible         |       |     4 |       |     1 |       ||     5
       Confused          |       |       |     1 |       |       ||     1
       Distracted        |       |       |       |     4 |     4 ||     8
  Eat: Chunk             |     8 |     5 |    12 |    17 |    19 ||    61
Armor: Robe              |     6 |    10 |    40 |     6 |       ||    62
       Leather armour    |       |       |       |    76 |    77 ||   153
Dodge: Dodged            |    51 |    88 |   262 |   295 |   390 ||  1086
       Rpst.: Falchion   |       |       |    18 |       |       ||    18
